 Dungeon Crawl Stone Soup version 0.28.0-53-g5a82cb258f (webtiles) character file.

Game seed: 10464588051787746744

162671 Sin92 the Bludgeoner (level 17, 0/139 HPs)
             Began as a Demonspawn Fighter on June 16, 2022.
             Was the Champion of Okawaru.
             Slain by a swamp dragon (2 damage)
             ... on level 4 of the Swamp.
             The game lasted 01:36:24 (38066 turns).

Sin92 the Bludgeoner (Demonspawn Fighter)          Turns: 38066, Time: 01:36:25

Health: 0/139      AC: 45    Str: 30    XL:     17   Next: 22%
Magic:  31/31      EV: 10    Int:  9    God:    Okawaru [******]
Gold:   2310       SH: 23    Dex: 18    Spells: 16/16 levels left

rFire   + + +      SeeInvis +   n - +8 whip "Snakebite" {venom, curare, rPois}
rCold   + + .      Faith    .   x - +4 tower shield
rNeg    . . .      Spirit   .   b - +17 plate armour of Mitamuf {rPois rCorr Dex-4}
rPois   +          Reflect  .   (helmet unavailable)
rElec   .          Harm     +   p - +2 cloak
rCorr   +          Rampage  .   D - +1 pair of gloves of the Kangaroo {Contam Harm rF+++ Will+ Str-2}
Will    +++..                   a - +2 pair of boots of the Snake Pit {*Corrode Will+ Str+4 Stlth+}
Stlth   ..........              (no amulet)
HPRegen 0.33/turn               f - ring of Selere {rC++ MP+9 Dex+6}
MPRegen 0.22/turn               Q - +6 ring of strength

@: mighty, lethally poisoned (0 -> -13), about to teleport, very slow
A: antennae 3, thin metallic scales 2, powered by death 2, powered by pain 3
a: Renounce Religion, Heroism, Finesse, Duel


You were on level 4 of the Swamp.
You worshipped Okawaru.
Okawaru was exalted by your worship.
You visited 7 branches of the dungeon, and saw 30 of its levels.

You collected 3638 gold pieces.
You spent 1328 gold pieces at shops.

Inventory:

Hand Weapons
 n - the +8 whip "Snakebite" (weapon) {venom, curare, rPois}
   (You found it on level 3 of the Lair of Beasts)

   It poisons the flesh of those it strikes.
   It occasionally inflicts asphyxiating poison on those it strikes, dealing
   poison damage and causing slowness.
   rPois:     It protects you from poison.
 B - a +4 morningstar of flaming
 C - the +2 morningstar of Puatimm {drain, rF+ Int+5 Dex-4}
   (You bought it in a shop on level 2 of the Orcish Mines)

   A truly terrible weapon, it drains the life of any living foe it strikes.
   Int:       It affects your intelligence (+5).
   Dex:       It affects your dexterity (-4).
   rF:        It protects you from fire.
Missiles
 y - 11 atropa-tipped darts (quivered)
 F - 4 throwing nets
Armour
 a - the +2 pair of boots of the Snake Pit (worn) {*Corrode Will+ Str+4 Stlth+}
   (Okawaru gifted it to you on level 2 of the Lair of Beasts)

   Str:       It affects your strength (+4).
   *Corrode:  It may corrode you when you take damage.
   Will:      It increases your willpower.
   Stlth:     It makes you more stealthy.
 b - the +17 plate armour of Mitamuf (worn) {rPois rCorr Dex-4}
   (You bought it in a shop on level 7 of the Dungeon)

   Dex:       It affects your dexterity (-4).
   rPois:     It protects you from poison.
   rCorr:     It protects you from acid and corrosion.
 g - a +0 pair of boots
 i - the +7 chain mail of Archuygoy {rN+ Dex+3 Stlth+}
   (You bought it in a shop on level 7 of the Dungeon)

   Dex:       It affects your dexterity (+3).
   rN:        It protects you from negative energy.
   Stlth:     It makes you more stealthy.
 p - a +2 cloak (worn)
 s - a +2 pair of gloves
 x - a +4 tower shield (worn)
 D - the +1 pair of gloves of the Kangaroo (worn) {Contam Harm rF+++ Will+ Str-2}
   (Okawaru gifted it to you on level 15 of the Dungeon)

   Str:       It affects your strength (-2).
   rF:        It renders you almost immune to fire.
   Contam:    It causes magical contamination when unequipped.
   Harm:      It increases damage dealt and taken.
   Will:      It increases your willpower.
Jewellery
 d - a ring of fire
 f - the ring of Selere (left hand) {rC++ MP+9 Dex+6}
   (You found it on level 3 of the Lair of Beasts)

   [ring of magical power]

   Dex:       It affects your dexterity (+6).
   rC:        It greatly protects you from cold.
   MP:        It affects your magic capacity (+9).
 k - a ring of protection from cold
 u - a ring of willpower
 J - a +4 ring of evasion
 K - a ring of protection from fire
 N - a +6 ring of dexterity
 O - a ring of flight
 Q - a +6 ring of strength (right hand)
 R - a ring of ice
Wands
 h - a wand of acid (14)
 q - a wand of iceblast (18)
 t - a wand of paralysis (2)
 E - a wand of digging (17)
 G - a wand of flame (11)
Scrolls
 e - 6 scrolls of identify
 o - 4 scrolls of amnesia
 v - 3 scrolls of teleportation
 w - 3 scrolls of fog
 z - 2 scrolls of enchant weapon
 S - a scroll of magic mapping
Potions
 c - 2 potions of might
 j - 5 potions of flight
 l - 5 potions of curing
 m - 2 potions of brilliance
 A - a potion of cancellation
 H - 2 potions of ambrosia
 I - 2 potions of magic
 L - 2 potions of resistance
 M - 6 potions of mutation
 P - 4 potions of haste


   Skills:
 + Level 14.0 Fighting
 - Level 2.4 Long Blades
 * Level 17.5 Maces & Flails
 + Level 13.0 Armour
 - Level 8.3 Dodging
 + Level 12.9 Shields
 - Level 6.9 Invocations


You had 16 spell levels left.
You didn't know any spells.
Your spell library contained the following spells:

 Spells                   Type           Power      Damage    Failure   Level
 Magic Dart               Conj           0%         1d3       100%        1
 Shock                    Conj/Air       0%         1d3       100%        1
 Slow                     Hex            0%         N/A       100%        1
 Sublimation of Blood     Necr           0%         N/A       100%        2
 Wereblood                Tmut           0%         N/A       100%        2
 Confusing Touch          Hex            0%         N/A       100%        3
 Gell's Gravitas          Tloc           0%         N/A       100%        3
 Lesser Beckoning         Tloc           0%         N/A       100%        3
 Mephitic Cloud           Conj/Pois/Air  0%         N/A       100%        3
 Swiftness                Air            0%         N/A       100%        3
 Teleport Other           Tloc           0%         N/A       100%        3
 Vampiric Draining        Necr           0%         2d6       100%        3
 Airstrike                Air            0%         N/A       100%        4
 Passage of Golubria      Tloc           0%         N/A       100%        4
 Petrify                  Tmut/Erth      0%         N/A       100%        4
 Alistair's Intoxication  Tmut/Pois      0%         N/A       100%        5
 Blade Hands              Tmut           0%         N/A       100%        5
 Borgnjor's Vile Clutch   Necr/Erth      0%         N/A       100%        5
 Fireball                 Conj/Fire      0%         3d3       100%        5
 Metabolic Englaciation   Hex/Ice        0%         N/A       100%        5
 Yara's Violent Unravell  Hex/Tmut       0%         3d3       100%        5
 Eringya's Noxious Bog    Tmut/Pois      0%         N/A       100%        6
 Iron Shot                Conj/Erth      0%         9d1       100%        6
 Statue Form              Tmut/Erth      0%         N/A       100%        6
 Storm Form               Tmut/Air       0%         N/A       100%        7
 Borgnjor's Revivificati  Necr           0%         N/A       100%        8
 Maxwell's Capacitive Co  Air            0%         ∞         100%        8
 Necromutation            Tmut/Necr      0%         N/A       100%        8
 Death's Door             Necr           0%         N/A       100%        9
 Call Imp                 Summ           Unusable   N/A       N/A         2
 Tukima's Dance           Hex            Unusable   N/A       N/A         3
 Animate Armour           Summ/Erth      Unusable   N/A       N/A         4
 Animate Dead             Necr           Unusable   N/A       N/A         4
 Summon Lightning Spire   Summ/Air       Unusable   N/A       N/A         4
 Death Channel            Necr           Unusable   N/A       N/A         6
 Summon Hydra             Summ           Unusable   N/A       N/A         7

Dungeon Overview and Level Annotations

Branches:
Dungeon (15/15)            Temple (1/1) D:5            Lair (6/6) D:11
  Swamp (4/4) Lair:4        Snake (1/4) Lair:3        Slime (0/5) Lair:5
    Orc (2/2) D:10            Elf (1/3) Orc:2        Vaults (0/5) D:13
 Depths (0/4) D:15

Altars:
Ashenzari
Cheibriados
Dithmenos
Elyvilon
Fedhas
Gozag
Hepliaklqana
Kikubaaqudgha
Makhleb
Nemelex Xobeh
Okawaru
Qazlal
Ru
Sif Muna
Trog
Uskayaw
Vehumet
Wu Jian
Xom
Yredelemnul
Zin
The Shining One
Beogh
Lugonu

Shops:
D:2 ?   D:3 [   D:6 :   D:7 [   D:10 **   Orc:2 ([?*

Portals:
Abyss: Lair:6


Innate Abilities, Weirdness & Mutations

You have a pair of large antennae on your head. (SInv)
You are mostly covered in thin metallic scales. (AC +3)
You regenerate health from kills.
You are powered by pain.


Message History

The swamp dragon tramples you but does no damage.
The fenstrider witch gestures at you while chanting.
You resist with almost no effort.
You feel better. You block the swamp dragon's attack.
The swamp dragon claws you but does no damage.
The swamp dragon tramples you but does no damage.
The fenstrider witch hits you!
* * * LOW HITPOINT WARNING * * *
You block the fenstrider witch's attack.
The fenstrider witch casts a spell at you.
The toxic sludge hits you but does no damage.
You are poisoned.
Splash!
You fall into the toxic bog.
Moving in this stuff is going to be slow.
You block the swamp dragon's attack.
The swamp dragon claws you but does no damage.
You block the swamp dragon's attack.
You can't go up here!
Unknown command.
As you read the scroll of teleportation, it crumbles to dust.
You feel strangely unstable.
You fester in the toxic bog!
You partially resist.
You are more poisoned.
* * * LOW HITPOINT WARNING * * *
x2 You feel very sick.
You block the swamp dragon's attack. The swamp dragon barely misses you.
The swamp dragon tramples you but does no damage.
The fenstrider witch points at you and mumbles some strange words.
You resist with almost no effort.
You feel better.
You fester in the toxic bog.
You partially resist.
You are poisoned.
* * * LOW HITPOINT WARNING * * *
x2 You feel sick.
The fenstrider witch points at you and mumbles some strange words.
The toxic sludge hits you but does no damage.
You are more poisoned.
The swamp dragon bites you but does no damage.
The swamp dragon claws you but does no damage.
The swamp dragon tramples you.
You die...

.♣♣.≈≈≈≈≈≈≈≈≈≈≈≈..≈≈.≈≈.D.D≈D.)
♣≈≈.§≈≈....°≈.≈≈≈.≈≈≈..≈≈.≈##)#
≈...≈≈≈.○...§.≈≈≈≈≈≈≈≈≈≈≈♣##...
≈..≈≈≈≈§§○♣♣♣.≈≈≈≈≈≈≈≈≈≈≈##{...
♣.≈≈≈≈≈≈≈≈♣♣♣≈.°..≈≈≈≈≈≈♣#....{
♣..≈≈≈≈≈≈[[/<≈≈°°....≈.♣##.{k{.
§..≈≈≈≈≈≈.♣♣.k≈○.≈♣♣.≈≈♣ .{....
≈♣....≈.≈♣♣♣♣DH°≈♣♣♣.≈♣##.....$
♣♣♣♣♣♣≈♣♣♣♣♣≈@♣♣≈≈.≈≈♣# ♣♣
♣♣..≈≈≈♣♣♣≈.§≈.≈≈♣
♣≈♣♣♣♣♣.≈≈≈≈[≈♣♣≈≈≈≈≈≈♣# {{
♣..≈≈≈♣♣.≈≈≈.♣♣♣.≈≈§≈≈§♣#
♣§.≈≈≈≈.≈≈≈≈†≈....♣♣.≈.≈♣♣#
♣≈≈.....≈≈≈≈≈≈≈.≈.♣♣♣...≈≈♣♣##
♣♣♣♣♣...≈≈≈≈≈≈...♣♣ ♣♣..≈≈≈.♣.
♣♣♣♣♣♣♣≈≈..≈≈§≈.♣♣≈♣ ♣.≈...≈≈.≈
♣♣..≈≈≈♣♣..†≈≈≈≈♣♣♣♣♣
♣♣.≈≈≈≈...


You could see a swamp dragon, a fenstrider witch and a swamp drake.

Vanquished Creatures
  2 tentacled monstrosities (Swamp:2)
  2 thorn hunters
  2 fenstrider witches (Swamp:3)
  An orc warlord (Orc:1)
  A ghoul (Swamp:2)
  The ghost of GraveyardiganJr the Fighter, a journeyman OgHu of Lugonu (Orc:1)
  A broodmother (shapeshifter) (D:10)
  An eleionoma (Swamp:2)
  9 bunyips
  A fire dragon (D:14)
  3 shambling mangroves (Swamp:2)
  A yaktaur captain (D:13)
  23 hydras
  A spriggan air mage (Swamp:1)
  Harold (D:11)
  4 ogre magi (Orc:2)
  4 boulder beetles
  3 anacondas
  Erica (Lair:1)
  2 catoblepae
  8 centaur warriors
  4 ghost crabs
  18 two-headed ogres
  10 alligators
  A large abomination (Lair:6)
  2 death knights
  A vampire mage (D:15)
  An orc high priest (Orc:2)
  Urug (Lair:3)
  3 thrashing horrors (Lair:6)
  A tengu warrior (D:15)
  Sonja (Orc:1)
  7 skeletal warriors
  5 swamp dragons
  5 spriggan druids
  5 goliath frogs
  6 bog bodies
  A wizard (D:14)
  A naga ritualist (Snake:1)
  Pikel (D:9)
  A necromancer (D:15)
  5 deep elf pyromancers
  15 ugly things
  A mana viper (Snake:1)
  An oklob plant (Lair:5)
  A frost giant zombie (D:15)
  5 manticores
  6 cyclopes
  4 will-o-the-wisps
  12 elephants
  A guardian serpent (shapeshifter) (D:15)
  14 black mambas
  A fire giant skeleton (D:15)
  A smoke demon (Lair:6)
  Maggie (D:7)
  3 gargoyles
  An unseen horror (D:12)
  A spriggan zombie (D:15)
  A kobold demonologist (D:7)
  8 cane toads
  An unseen horror (shapeshifter) (Lair:6)
  9 komodo dragons
  A freezing wraith (D:14)
  A rime drake (Lair:2)
  An ancient zyme (Lair:6)
  3 yaktaurs
  An entropy weaver simulacrum (Swamp:2)
  3 trolls
  2 polar bears
  A bloated husk (Swamp:4)
  3 meliai (D:15)
  13 tyrant leeches
  12 slime creatures
  13 hornets
  7 dream sheep (Lair:6)
  18 blink frogs (Lair:6)
  An air elemental (Orc:2)
  A culicivora (shapeshifter) (Lair:6)
  3 shadows
  6 spriggans
  An ettin skeleton (D:15)
  44 yaks
  A spriggan (shapeshifter) (Lair:6)
  9 small abominations (Lair:6)
  A ynoxinul (Lair:6)
  A dire elephant simulacrum (Swamp:2)
  A vampire (D:14)
  4 wraiths
  A fire bat (shapeshifter) (D:15)
  4 wyverns
  4 basilisks
  8 vampire mosquitoes
  2 steam dragons
  2 chaos spawn (Lair:6)
  14 swamp worms
  A harpy simulacrum (Swamp:2)
  A naga (Snake:1)
  2 acid dragons
  28 water moccasins
  5 swamp drakes
  12 orc warriors
  2 alligator simulacra (Swamp:2)
  3 necrophages
  2 black bears
  27 ogres
  A lemure (D:9)
  8 wolves (Lair:2)
  7 centaurs
  A phantom (D:4)
  Blork the orc (D:6)
  2 kobold brigands
  11 bullfrogs
  2 scorpions
  2 deep troll simulacra (Swamp:2)
  A wyvern skeleton (D:7)
  A water moccasin skeleton (D:4)
  A lindwurm simulacrum (Swamp:2)
  23 wights
  14 killer bees
  5 howler monkeys
  6 electric eels
  A crimson imp (D:10)
  7 lava snakes (Lair:4)
  A bullfrog zombie (D:5)
  10 centaur zombies
  A jelly (D:7)
  A human zombie (D:9)
  11 orc priests
  A bullfrog skeleton (D:6)
  A centaur skeleton (D:5)
  An iron imp (D:10)
  Jessica (D:2)
  3 iguanas
  14 orc wizards
  2 killer bee zombies
  2 mummies (D:9)
  4 howler monkey zombies
  Robin (D:2)
  4 gnolls (D:7)
  9 adders
  A shadow imp (D:10)
  3 white imps
  A howler monkey simulacrum (D:10)
  An ufetubus (D:6)
  An adder skeleton (D:4)
  3 worms
  A dart slug (D:1)
  77 orcs
  9 ball pythons
  8 bats
  4 endoplasms
  A giant cockroach (D:4)
  14 goblins
  7 hobgoblins
  4 jackals (D:5)
  15 kobolds
  4 quokkas
  3 frilled lizards (D:1)
  6 rats
833 creatures vanquished.

Vanquished Creatures (others)
  An eleionoma (Swamp:4)
  A hydra (Swamp:3)
  An alligator (Swamp:4)
  A goliath frog (Swamp:1)
  5 bloated husks
  A swamp worm (Swamp:1)
  A swamp drake (Swamp:4)
  2 boggarts (D:10)
  3 orcs
  54 foxfires
  10 fungi
  71 plants
  4 withered plants (D:15)
155 creatures vanquished.

Grand Total: 988 creatures vanquished

Notes
Turn   | Place    | Note
-------+----------+-------------------------------------------
     0 | D:1      | Sin92 the Demonspawn Fighter began the quest for the Orb.
     0 | D:1      | Reached XP level 1. HP: 18/18 MP: 1/1
   193 | D:1      | Gained mutation: You have a pair of small antennae on your
                  | head. [demonic ancestry]
   193 | D:1      | Reached XP level 2. HP: 24/24 MP: 2/2
   786 | D:1      | Gained mutation: You sometimes gain a little power by
                  | taking damage. [demonic ancestry]
   786 | D:1      | Reached XP level 3. HP: 19/29 MP: 3/3
  1291 | D:1      | Found a faded altar of an unknown god.
  1382 | D:2      | Reached skill level 1 in Dodging
  1490 | D:2      | Noticed Jessica
  1532 | D:2      | Killed Jessica
  1859 | D:2      | Reached skill level 1 in Maces & Flails
  1859 | D:2      | Reached XP level 4. HP: 33/35 MP: 4/4
  1971 | D:2      | Found Nonyobre's Magic Scroll Boutique.
  2082 | D:2      | Noticed Robin
  2084 | D:2      | Killed Robin
  2396 | D:2      | Found an ornate altar of the Wu Jian Council.
  2493 | D:2      | Identified the +0 pair of boots of Masochism {rElec Dex+4}
  2927 | D:3      | Found a basalt altar of Yredelemnul.
  2934 | D:3      | Found a shimmering blue altar of Sif Muna.
  2937 | D:3      | Found an opulent altar of Gozag.
  2978 | D:3      | Gained mutation: You are partially covered in thin metallic
                  | scales. (AC +2) [demonic ancestry]
  2978 | D:3      | Reached XP level 5. HP: 15/41 MP: 5/5
  3192 | D:3      | Found a shadowy altar of Dithmenos.
  3213 | D:3      | Found Cuekk's Antique Armour Emporium.
  3214 | D:3      | Found a radiant altar of Vehumet.
  3617 | D:4      | Reached skill level 2 in Maces & Flails
  3789 | D:4      | Noticed a phantom
  3845 | D:4      | Found a blossoming altar of Fedhas.
  4213 | D:4      | Found a stormy altar of Qazlal.
  4240 | D:4      | Killed a phantom
  4241 | D:4      | Gained mutation: You have a pair of antennae on your head.
                  | [demonic ancestry]
  4241 | D:4      | Reached XP level 6. HP: 36/48 MP: 6/6
  4573 | D:4      | Noticed a moth of wrath
  4575 | D:4      | Found a bloodstained altar of Trog.
  4660 | D:5      | Entered Level 5 of the Dungeon
  4709 | D:5      | Found a staircase to the Ecumenical Temple.
  4732 | Temple   | Entered the Ecumenical Temple
  4789 | Temple   | Became a worshipper of Warmaster Okawaru
  4840 | D:5      | Reached skill level 3 in Maces & Flails
  4913 | D:5      | Found a hazy altar of Hepliaklqana.
  5138 | D:5      | Noticed a wyvern
  5149 | D:5      | Killed a wyvern
  5150 | D:5      | Reached XP level 7. HP: 33/54 MP: 7/7
  5888 | D:6      | Reached * piety under Okawaru
  5932 | D:6      | Reached skill level 4 in Maces & Flails
  6085 | D:6      | Gained mutation: You regenerate a little health from kills.
                  | [demonic ancestry]
  6085 | D:6      | Reached XP level 8. HP: 47/61 MP: 8/8
  6164 | D:6      | Noticed Blork the orc
  6175 | D:6      | Killed Blork the orc
  6346 | D:6      | Reached skill level 5 in Fighting
  6346 | D:6      | Reached skill level 5 in Maces & Flails
  6490 | D:6      | Found Imeufale's Book Shoppe.
  6744 | D:6      | Reached ** piety under Okawaru
  7152 | D:6      | Reached skill level 5 in Armour
  7293 | D:6      | Found a hide-covered altar of Uskayaw.
  7402 | D:6      | Found an ornate altar of the Wu Jian Council.
  7512 | D:6      | Found a sparkling altar of Nemelex Xobeh.
  7578 | D:7      | Reached skill level 5 in Shields
  7718 | D:7      | Found Ixomohae's Antique Armour Boutique.
  7721 | D:7      | Noticed a kobold demonologist
  7735 | D:7      | Killed a kobold demonologist
  7736 | D:7      | Reached skill level 6 in Maces & Flails
  7736 | D:7      | Gained mutation: You are mostly covered in thin metallic
                  | scales. (AC +3) [demonic ancestry]
  7736 | D:7      | Reached XP level 9. HP: 67/69 MP: 9/9
  8140 | D:7      | Reached *** piety under Okawaru
  8230 | D:7      | Noticed Maggie
  8251 | D:7      | Killed Maggie
  8671 | D:7      | Reached skill level 7 in Maces & Flails
  8904 | D:7      | Reached skill level 5 in Dodging
  9250 | D:8      | Reached **** piety under Okawaru
  9275 | D:8      | Noticed a seven-headed hydra
  9288 | D:8      | Gained mutation: You regenerate health from kills. [demonic
                  | ancestry]
  9288 | D:8      | Reached XP level 10. HP: 31/77 MP: 10/10
 10306 | D:7      | Bought a twisted chain mail for 237 gold pieces
 10306 | D:7      | Identified the +7 chain mail of Archuygoy {rN+ Dex+3
                  | Stlth+} (You bought it in a shop on level 7 of the Dungeon)
 10401 | D:8      | Reached ***** piety under Okawaru
 10402 | D:8      | Reached skill level 8 in Maces & Flails
 10492 | D:8      | Killed a seven-headed hydra
 10492 | D:8      | Received a gift from Okawaru
 10649 | D:8      | You fall into a shaft and drop 2 floors!
 10649 | D:10     | Entered Level 10 of the Dungeon
 10652 | D:10     | Found Teab's General Store.
 11078 | D:10     | Found Qarie's Assorted Antiques.
 11474 | D:9      | Reached XP level 11. HP: 82/83 MP: 11/11
 11500 | D:9      | Reached skill level 9 in Maces & Flails
 11524 | D:9      | Noticed Pikel
 12002 | D:9      | Killed Pikel
 12396 | D:9      | Found an ancient bone altar of Kikubaaqudgha.
 12720 | D:10     | Found a staircase to the Orcish Mines.
 12873 | D:10     | Noticed a death knight
 12873 | D:10     | Noticed a centaur warrior
 12877 | D:10     | Found a runed translucent door.
 12888 | D:10     | Killed a centaur warrior
 12907 | D:10     | Killed a death knight
 13106 | D:10     | Noticed a catoblepas
 13106 | D:10     | Noticed a centaur warrior
 13106 | D:10     | Noticed a deep elf pyromancer
 13106 | D:10     | Noticed a centaur warrior
 13106 | D:10     | Noticed an orb spider
 13244 | D:10     | Noticed an alligator
 13263 | D:10     | Noticed a quicksilver ooze
 13263 | D:10     | an alligator changed into a quicksilver ooze
 13537 | D:10     | Killed a centaur warrior
 13537 | D:10     | Identified the +0 pair of boots "Qoismil" {rElec rPois rN+
                  | Dex-5} (Okawaru gifted it to you on level 10 of the
                  | Dungeon)
 13537 | D:10     | Received a gift from Okawaru
 13538 | D:10     | Reached skill level 1 in Invocations
 13582 | D:10     | Noticed a broodmother
 13598 | D:10     | Killed a broodmother
 13605 | D:10     | Killed a deep elf pyromancer
 13606 | D:10     | Reached skill level 10 in Maces & Flails
 13610 | D:10     | Killed a centaur warrior
 13744 | D:10     | Killed a catoblepas
 13744 | D:10     | Reached ****** piety under Okawaru
 13884 | D:10     | Noticed a five-headed hydra
 13894 | D:10     | Killed a five-headed hydra
 13961 | D:10     | Noticed a deep elf pyromancer
 13971 | D:10     | Killed a deep elf pyromancer
 13979 | D:10     | Noticed a deep elf pyromancer
 13994 | D:10     | Killed a deep elf pyromancer
 13995 | D:10     | Reached XP level 12. HP: 94/94 MP: 14/14
 14087 | D:10     | Identified the +1 plate armour of Pomufapn {rC+ Str+2}
 14215 | D:11     | Found a staircase to the Lair.
 14559 | D:11     | Noticed a two-headed ogre
 14572 | D:11     | Killed a two-headed ogre
 14860 | D:11     | Noticed Harold
 14879 | D:11     | Killed Harold
 14995 | Lair:1   | Entered Level 1 of the Lair of Beasts
 15101 | Lair:1   | Identified the +6 demon trident "Yvir" {pain, rN+} (Okawaru
                  | gifted it to you on level 1 of the Lair of Beasts)
 15101 | Lair:1   | Received a gift from Okawaru
 15364 | Lair:1   | Noticed Erica
 15386 | Lair:1   | Killed Erica
 15435 | Lair:1   | Noticed a seven-headed hydra
 15461 | Lair:1   | Killed a seven-headed hydra
 15484 | Lair:1   | Reached skill level 5 in Invocations
 15503 | Lair:1   | Reached skill level 11 in Maces & Flails
 16297 | Lair:2   | Noticed a six-headed hydra
 16315 | Lair:2   | Killed a six-headed hydra
 16653 | Lair:2   | Identified the +2 pair of boots of the Snake Pit {*Corrode
                  | Will+ Str+4 Stlth+} (Okawaru gifted it to you on level 2 of
                  | the Lair of Beasts)
 16653 | Lair:2   | Received a gift from Okawaru
 17210 | Lair:3   | Found a staircase to the Snake Pit.
 17355 | Lair:3   | Noticed Urug
 17386 | Lair:3   | Killed Urug
 17387 | Lair:3   | Gained mutation: You sometimes gain power by taking damage.
                  | [demonic ancestry]
 17387 | Lair:3   | Reached XP level 13. HP: 66/101 MP: 17/17
 17388 | Lair:3   | Identified a scroll of acquirement
 17388 | Lair:3   | Acquired 939 gold pieces
 17582 | D:7      | Bought a bronze plate armour for 700 gold pieces
 17582 | D:7      | Identified the +17 plate armour of Mitamuf {rPois rCorr
                  | Dex-4} (You bought it in a shop on level 7 of the Dungeon)
 17984 | Lair:3   | Identified the ring of Selere {rC++ MP+9 Dex+6}
 18547 | Lair:3   | Found the +8 whip "Snakebite" {venom, curare, rPois}
 19222 | Lair:4   | Reached skill level 12 in Maces & Flails
 19599 | Lair:4   | Found a staircase to the Swamp.
 20050 | D:10     | Bought a glowing cloak for 202 gold pieces
 20312 | Lair:5   | Received a gift from Okawaru
 20313 | Lair:5   | Reached skill level 10 in Fighting
 20325 | Lair:5   | Found a staircase to the Slime Pits.
 20819 | Lair:5   | Found a blossoming altar of Fedhas.
 20996 | Lair:6   | Entered Level 6 of the Lair of Beasts
 21093 | Lair:6   | Received a gift from Okawaru
 21331 | Lair:6   | Reached skill level 13 in Maces & Flails
 21343 | Lair:6   | Gained mutation: You have a pair of large antennae on your
                  | head. (SInv) [demonic ancestry]
 21343 | Lair:6   | Reached XP level 14. HP: 78/111 MP: 19/19
 21466 | Lair:6   | Received a gift from Okawaru
 21722 | Lair:6   | Reached skill level 10 in Armour
 22015 | Lair:6   | Reached skill level 10 in Shields
 22356 | Lair:6   | Identified the +3 lajatang of Temass {vorpal, rPois rCorr
                  | Int-4 Dex+3} (Okawaru gifted it to you on level 6 of the
                  | Lair of Beasts)
 22356 | Lair:6   | Received a gift from Okawaru
 22397 | Lair:6   | Found a corrupted altar of Lugonu.
 22397 | Lair:6   | Found a one-way gate to the infinite horrors of the Abyss.
 23219 | Orc:1    | Entered Level 1 of the Orcish Mines
 23219 | Orc:1    | Noticed Sonja
 23225 | Orc:1    | Killed Sonja
 23374 | Orc:1    | Noticed GraveyardiganJr's ghost (journeyman OgHu)
 23377 | Orc:1    | Found a runed translucent door.
 23592 | Orc:1    | Noticed an orc warlord
 23606 | Orc:1    | Killed an orc warlord
 23773 | Orc:1    | Killed GraveyardiganJr's ghost
 23937 | Orc:2    | Entered Level 2 of the Orcish Mines
 24102 | Orc:2    | Reached skill level 14 in Maces & Flails
 24135 | Orc:2    | Identified the +0 chain mail of Jylup {Regen+ Slay+2}
                  | (Okawaru gifted it to you on level 2 of the Orcish Mines)
 24135 | Orc:2    | Received a gift from Okawaru
 24257 | Orc:2    | Gained mutation: You are powered by pain. [demonic
                  | ancestry]
 24257 | Orc:2    | Reached XP level 15. HP: 104/120 MP: 20/20
 24276 | Orc:2    | Found Kuyst's Antique Armour Emporium.
 24276 | Orc:2    | Found Kaozoig's Assorted Antiques.
 24277 | Orc:2    | Found Uggaot's Antique Weapon Boutique.
 24277 | Orc:2    | Found Jatih's Magic Scroll Emporium.
 24285 | Orc:2    | Bought a crude morningstar for 189 gold pieces
 24285 | Orc:2    | Identified the +2 morningstar of Puatimm {drain, rF+ Int+5
                  | Dex-4} (You bought it in a shop on level 2 of the Orcish
                  | Mines)
 24511 | Orc:2    | Found a staircase to the Elven Halls.
 25231 | D:12     | Got the Volume of Companions and Flames
 25815 | D:13     | Received a gift from Okawaru
 25915 | D:13     | Found a gate to the Vaults.
 26078 | D:13     | Reached skill level 15 in Maces & Flails
 26988 | D:15     | Entered Level 15 of the Dungeon
 27357 | D:14     | Identified the +4 demon blade of the Stoat {pain, Int+2}
                  | (Okawaru gifted it to you on level 14 of the Dungeon)
 27357 | D:14     | Received a gift from Okawaru
 28598 | D:15     | Received a gift from Okawaru
 28892 | D:15     | Found a staircase to the Depths.
 28927 | D:15     | Identified the +1 pair of gloves of the Kangaroo {Contam
                  | Harm rF+++ Will+ Str-2} (Okawaru gifted it to you on level
                  | 15 of the Dungeon)
 28927 | D:15     | Received a gift from Okawaru
 29710 | Swamp:1  | Entered Level 1 of the Swamp
 30176 | Swamp:1  | Reached XP level 16. HP: 122/129 MP: 21/21
 30386 | Swamp:1  | Reached skill level 16 in Maces & Flails
 30864 | Swamp:2  | HP: 3/129 [will-o-the-wisp/foxfire (9)]
 30979 | Swamp:2  | Noticed a thorn hunter
 31514 | Snake:1  | Entered Level 1 of the Snake Pit
 32089 | Elf:1    | Entered Level 1 of the Elven Halls
 32096 | Elf:1    | Paralysed by an air elemental for 1 turns
 32103 | Elf:1    | Paralysed by an air elemental for 1 turns
 32443 | Swamp:2  | Killed a thorn hunter
 32467 | Swamp:2  | Noticed a tentacled monstrosity
 32498 | Swamp:2  | Killed a tentacled monstrosity
 32820 | Swamp:2  | Identified the +1 animal skin "Ywkuff" {rC- Str+3 Int+8}
                  | (Okawaru gifted it to you on level 2 of the Swamp)
 32820 | Swamp:2  | Received a gift from Okawaru
 33063 | Swamp:2  | Noticed a tentacled monstrosity
 33700 | Swamp:2  | Killed a tentacled monstrosity
 35821 | Swamp:3  | Reached skill level 17 in Maces & Flails
 36122 | Swamp:3  | Paralysed by a fenstrider witch for 2 turns
 36790 | Swamp:4  | Entered Level 4 of the Swamp
 37053 | Swamp:4  | Received a gift from Okawaru
 37116 | Swamp:4  | Reached XP level 17. HP: 138/138 MP: 22/22
 38065 | Swamp:4  | HP: 5/139 [something (9)]
 38065 | Swamp:4  | HP: 1/139 [poison]
 38066 | Swamp:4  | Slain by a swamp dragon

Illustrated notes

Levels and vault maps discovered:
D:1:      psy_arrival_radial01, layout_basic, chequers_ecumenical_altar_grove
D:2:      layout_loops_ring, basic_altar, serial_shops, nicolae_shop_trees,
          dk_noncrumbling_2, uniq_robin, uniq_jessica
D:3:      layout_rooms, mainiacjoe_overflow_boulevard,
          nicolae_overflow_hallway_of_the_gods, serial_shops, shop,
          minmay_misc_feat_pillars, chequers_jeans, glass_columns_a,
          due_unseen_surprise
D:4:      layout_loops_ring, nicolae_overflow_crystal_walls,
          mainiacjoe_overflow_surrounded_room, tgw_trog, st_stairs_13
D:5:      layout_cave_pods, nicolae_hepliaklqana_hippocampus,
          old_standard_altar, minmay_temple_entry_glassed_door, hex_tiny,
          st_stairs_12
D:6:      layout_basic, nzn_wu_jian_contemplation, nicolae_uskayaw_dance_studio,
          nemelex_altar_shiori, serial_shops, nicolae_shop_hallway_stairs,
          corexii_leaking_fountain, uniq_blork_the_orc
D:7:      kennysheep_spiral_hall, layout_loops_corners, serial_shops,
          nicolae_shop_behind_doors, uniq_maggie
D:8:      layout_rooms
D:9:      layout_loops_ring, lemuel_mausoleum_altar_kikubaaqudgha,
          tso_metal_star, serial_bayou_pond_c, serial_bayou_lagoon_a, uniq_pikel
D:10:     minmay_the_grid_triangle_9x9_rhombus_thin
          [minmay_the_grid_triangle_9x9_subtriangle,
          minmay_the_grid_triangle_9x9_prize_top_heavy,
          minmay_the_grid_triangle_9x9_longest,
          minmay_the_grid_triangle_9x9_corrupted_corridor], layout_rooms,
          david_orc_2, serial_shops, nicolae_inconvenience_store,
          kennysheep_little_box, kennysheep_donut, hangedman_minor_magic
D:11:     layout_roguey, lair_entry_dummy, kennysheep_path_1,
          minmay_misc_feat_square, nrook_mini_backslash, uniq_harold
D:12:     layout_loops_ring
D:13:     layout_big_octagon, david_vaults_2
D:14:     layout_roguey, grunt_decor_one_mirror, lightli_corner_chamber
D:15:     gammafunk_depths_entry_grave, layout_long_grid
Temple:   corrupted_temple
Lair:1:   layout_gridlike, serial_bayou_shore_a, uniq_erica
Lair:2:   layout_cave_pods, infiniplex_staircase_pool, lemuel_fruit_fields
Lair:3:   minmay_guarded_unrand_snakebite, layout_gridlike,
          minmay_snake_entry_six_corridors, uniq_urug
Lair:4:   layout_roguey, minmay_swamp_entry_wisps, st_stairs_9,
          nicolae_lair_liquid_snakes, grunt_megastairs_2
Lair:5:   layout_hall_layers, slime_dummy, tgw_fedhas, grunt_megastairs_4
Lair:6:   hellmonk_lair_end_abyssal_woods, layout_cave_pods,
          nicolae_quartered_pool_super
Swamp:1:  layout_falls_marsh, hangedman_swamp_ruin_wall
Swamp:2:  nzn_winding_woodlands_medium [nzn_winding_woodlands_5x5_open_star,
          nzn_winding_woodlands_5x15_zeroes, nzn_winding_woodlands_5x5_default,
          nzn_winding_woodlands_5x5_closed_star,
          nzn_winding_woodlands_center_triple_pond,
          nzn_winding_woodlands_hourglass, nzn_winding_woodlands_5x5_three,
          nzn_winding_woodlands_5x15_cabin, nzn_winding_woodlands_5x5_cross],
          layout_falls_marsh, portal_ice_cave_entry_ice_simulacra,
          nicolae_swamp_little_tower, swamp_pool1
Swamp:3:  layout_basic_swamp, serial_swamp_ruin, hangedman_swamp_ruin_hall,
          evilmike_swamp_ruin_house_2
Swamp:4:  swamp, layout_basic_swamp, swamp_pool3
Snake:1:  layout_onion, serial_shops, nicolae_shop_stone, shop,
          nicolae_take_the_stairs
Orc:1:    layout_caves, basic_altar, hellmonk_ghost_happy_afterlife,
          minmay_orc_barracks, uniq_sonja
Orc:2:    st_orc_ogre_mass, layout_caves, bh_open_orc_temple
Elf:1:    eino_elf_arrival_shootout, layout_geoelf_octagon,
          hangedman_elf_represent

Skill      XL: |  1  2  3  4  5  6  7  8  9 10 11 12 13 14 15 16 17 |
---------------+----------------------------------------------------+-----
Long Blades    | 2 |  2.4
Armour         | 3 4 5 6 7 8 9 10 11 12 13 | 13.0
Dodging        | 1 2 3 4 5 6 7 8 |  8.3
Shields        | 3 4 5 6 7 8 9 10 11 12 | 12.9
Maces & Flails | 1 2 3 4 6 7 8 10 11 13 14 15 17 | 17.5
Fighting       | 4 5 6 7 8 9 10 11 12 13 14 | 14.0
Invocations    | 3 6 |  6.9

Action                   |  1- 3 |  4- 6 |  7- 9 | 10-12 | 13-15 | 16-18 || total
-------------------------+-------+-------+-------+-------+-------+-------++-------
Melee: Long sword        |    69 |       |       |       |       |       ||    69
       Whip              |    46 |   256 |   381 |  1117 |  2307 |  1218 ||  5325
Invok: Heroism           |       |       |     1 |     3 |       |       ||     4
       Finesse           |       |       |       |     3 |     6 |     9 ||    18
Evoke: Wand              |       |       |       |       |     2 |       ||     2
  Use: Potion            |     2 |     3 |     1 |     1 |       |    10 ||    17
       Scroll            |       |     6 |     6 |    12 |     5 |     8 ||    37
 Stab: Petrified         |       |       |       |       |     5 |       ||     5
       Fleeing           |       |       |       |       |       |     1 ||     1
Armor: Scale mail        |    45 |   111 |   193 |    63 |       |       ||   412
       Chain mail        |     1 |    60 |       |   340 |       |       ||   401
       Plate armour      |       |       |       |       |  1048 |   885 ||  1933
Dodge: Dodged            |    51 |   104 |   184 |   346 |   455 |   397 ||  1537
Block: Buckler           |    35 |    71 |    96 |    33 |       |       ||   235
       Tower shield      |       |       |       |  1000 |  2160 |  1361 ||  4521
